 Dungeon Crawl Stone Soup version 0.16-a0-4053-g5391420 (webtiles) character file.

42 MDvedh the Sneak (level 3, -6/16 HPs)
             Began as a Spriggan Enchanter on Feb 20, 2015.
             Mangled by an orc warrior
             ... wielding a +0 battleaxe
              (22 damage)
             ... on level 3 of the Dungeon.
             The game lasted 00:02:20 (2110 turns).

MDvedh the Sneak (Spriggan Enchanter)               Turns: 2110, Time: 00:02:20

Health: -6/16      AC:  3    Str:  4    XL:     3   Next: 35%
Magic:  11/11      EV: 18    Int: 16    God:
Gold:   89         SH:  0    Dex: 17    Spells: 3 memorised, 3 levels left

rFire  . . .     SeeInvis +     a - +1 dagger
rCold  . . .     Clarity  .     b - +1 robe
rNeg   . . .     SustAb   .     (shield restricted)
rPois  .         Gourm    .     (helmet restricted)
rElec  .         Spirit   .     (no cloak)
rCorr  .         Warding  .     (gloves unavailable)
rMut   .         Stasis   .     (boots unavailable)
MR     .....                    (no amulet)
Stlth  +++.......               (no ring)
                                (no ring)

@: very quick, not resistant to hostile enchantments, fairly stealthy
A: unfitting armour, see invisible, herbivore 3, speed 3, slow metabolism 2
a: no special abilities


You were on level 3 of the Dungeon.
You were not hungry.

You visited 1 branch of the dungeon, and saw 3 of its levels.

You collected 89 gold pieces.

Inventory:

Hand weapons
 a - a +1 dagger (weapon)
Armour
 b - a +1 robe (worn)
Jewellery
 h - an uncursed ring of fire
 j - a +3 ring of protection {unknown}
Scrolls
 g - a scroll of identify {unknown}
 i - a scroll of enchant weapon {unknown}
 m - 2 scrolls of amnesia {unknown}
 n - 2 scrolls of remove curse {unknown}
 q - a scroll of teleportation {unknown}
Potions
 e - a potion of might {unknown}
 k - a potion of agility {unknown}
 l - a potion of restore abilities {unknown}
 o - a potion of cure mutation {unknown}
 p - a potion of resistance {unknown}
Books
 c - a book of Maledictions

   Spells                             Type                      Level
   a - Corona                         Hexes                        1
   b - Sure Blade                     Hexes/Charms                 2
   c - Ensorcelled Hibernation        Hexes/Ice                    2
   d - Confuse                        Hexes                        3
   e - Dazzling Spray                 Conjuration/Hexes            3
   f - Enslavement                    Hexes                        4
Comestibles
 d - 3 bread rations
 f - 2 fruits


   Skills:
 + Level 2.4 Short Blades
 - Level 3.0 Dodging
 - Level 4.4 Stealth
 + Level 3.5 Spellcasting
 + Level 4.1 Hexes


You had 3 spell levels left.
You knew the following spells:

 Your Spells              Type           Power        Failure   Level  Hunger
a - Ensorcelled Hibernat  Hex/Ice        #.....       14%         2    ##.....
b - Corona                Hex            ###....      3%          1    None
c - Confuse               Hex            ###.....     12%         3    ###....


Dungeon Overview and Level Annotations

Branches:
Dungeon (3/15)

Altars:


Innate Abilities, Weirdness & Mutations

You are tiny and cannot use many weapons and most armour.
You have supernaturally acute eyesight.
You are a herbivore.
You cover ground extremely quickly.
You need consume almost no food.


Message History

You finish memorising.
Spell assigned to 'c'.
Done exploring.
Done exploring.
Done exploring.
Done exploring.
Done exploring.
(D) Dungeon
Where to? (Enter - D:2, ? - help)
There is a stone staircase leading down here.
You climb downwards.
A giant newt, a kobold and 4 orcs come into view.
Found a robe and a glowing rapier.
There is a stone staircase leading up here.
The helpless orc warrior fails to defend itself.
You impale the orc warrior!!
The orc warrior is severely wounded.
Unknown command.
The orc warrior hits you with a battleaxe!!
Ouch! That really hurt!
You die...

... .....#..#
..........
#...).... .
#....o..##...
#......o.....
#......o.....
#.##....lo.[.....
#.......@........
...###...........
.............
##.#.K.....#.. #
###.....# #
#.....# #.....#
...... ...


You could see an orc warrior, 2 orc wizards, an orc (sleeping), a kobold
(sleeping) and a giant newt (sleeping).

Vanquished Creatures
  2 adders (D:2)
  An ooze (D:1)
  6 goblins
  2 hobgoblins
  2 jackals (D:1)
  A ball python (D:2)
  5 bats
  A giant cockroach (D:1)
  2 giant newts (D:1)
  A rat (D:2)
23 creatures vanquished.

Notes
Turn   | Place    | Note
--------------------------------------------------------------
     0 | D:1      | MDvedh, the Spriggan Enchanter, began the quest for the Orb.
     0 | D:1      | Reached XP level 1. HP: 9/9 MP: 4/4
   348 | D:1      | Reached XP level 2. HP: 8/13 MP: 8/8
   684 | D:1      | Learned a level 2 spell: Ensorcelled Hibernation
  1338 | D:2      | Reached XP level 3. HP: 8/16 MP: 11/11
  2085 | D:2      | Learned a level 3 spell: Confuse
  2108 | D:3      | Noticed an orc warrior
  2110 | D:3      | Mangled by an orc warrior

Action                   || total
-------------------------++-------
Melee: Dagger            ||    61
 Cast: Ensorcelled Hiber ||     6
 Stab: Sleeping          ||    11
